 Dungeon Crawl Stone Soup version 0.18.1-48-g4cf74bf (webtiles) character file.

187 Mesmaeker13 the Sneak (level 5, -3/38 HPs)
             Began as a Vampire Assassin on July 11, 2016.
             Slain by an iguana (11 damage)
             ... on level 4 of the Dungeon.
             The game lasted 00:10:44 (2511 turns).

Mesmaeker13 the Sneak (Vampire Assassin)            Turns: 2511, Time: 00:10:45

Health: -3/38      AC:  4    Str: 10    XL:     5   Next: 39%
Magic:  14/14      EV: 14    Int: 14    God:
Gold:   135        SH:  0    Dex: 16    Spells: 0 memorised, 4 levels left

rFire  . . .     SeeInvis +     b - +0 blowgun
rCold  + . .     Gourm    .     c - +0 robe
rNeg   + + .     Faith    .     (no shield)
rPois  +         Spirit   .     (no helmet)
rElec  .         Dismiss  .     d - +0 cloak
rCorr  .         Reflect  .     l - +0 pair of gloves
SustAt .         Harm     .     (no boots)
MR     .....                    (no amulet)
Stlth  +++++.....               o - ring of stealth
                                h - ring of magical power

@: regenerating slowly, not resistant to hostile enchantments, quite stealthy
A: fangs 3, see invisible, unbreathing
a: Bat Form


You were on level 4 of the Dungeon.
You were thirsty.

You visited 1 branch of the dungeon, and saw 4 of its levels.

You collected 135 gold pieces.

Inventory:

Hand Weapons
 a - a +2 dagger
 b - a +0 blowgun (weapon)
Missiles
 e - 2 poisoned needles (quivered)
 f - 2 curare-tipped needles
Armour
 c - a +0 robe (worn)
 d - a +0 cloak (worn)
 l - a +0 pair of gloves (worn)
Jewellery
 h - a ring of magical power (left hand)
 o - a ring of stealth (right hand)
Scrolls
 i - a scroll of random uselessness {unknown}
 m - a scroll of blinking {unknown}
 r - a scroll of teleportation
Potions
 g - 3 potions of blood
 n - a potion of might {unknown}
 p - a potion of heal wounds {unknown}
Books
 q - a Grand Grimoire

   Spells                             Type                      Level
   a - Monstrous Menagerie            Summoning                    7
   b - Summon Greater Demon           Summoning                    7
   c - Malign Gateway                 Summoning/Translocation      7
   d - Summon Horrible Things         Summoning                    8


   Skills:
 - Level 1.7 Fighting
 + Level 4.0 Short Blades
 - Level 1.5 Throwing
 + Level 3.5 Dodging
 + Level 7.4 Stealth


You had 4 spell levels left.
You didn't know any spells.

Dungeon Overview and Level Annotations

Branches:
Dungeon (4/15)
 Temple: D:4-7

Altars:
Qazlal
Ru
Sif Muna
Zin


Innate Abilities, Weirdness & Mutations

You heal slowly.
You have razor-sharp teeth.
You have supernaturally acute eyesight.
You can survive without breathing.


Message History

The iguana closely misses you.
Firing (i - inventory. (,) - cycle):
e - 4 poisoned needles (quivered)
Press: ? - help, Shift-Dir - straight line, f/p - iguana
Aim: an iguana (heavily wounded)
You shoot a poisoned needle. The poisoned needle hits the iguana.
The iguana is poisoned.
The iguana is heavily wounded.
The iguana bites you!
* * * LOW HITPOINT WARNING * * *
The iguana hisses menacingly.
Things that are here:
8 tomahawks; 16 gold pieces The iguana looks more healthy.
Firing (i - inventory. (,) - cycle):
e - 3 poisoned needles (quivered)
Press: ? - help, Shift-Dir - straight line, f/p - iguana
Aim: an iguana (almost dead)
You shoot a poisoned needle.
The poisoned needle closely misses the iguana.
The iguana bites you!
You die...

####.# ###.##
#....#
.#.##.########
.(.....(....(###
############(..##
###..## ##l.#
##@# #..# ##.# .#
.# .# .. ..


You could see an iguana.

Vanquished Creatures
  An orc wizard (D:4)
  Natasha (D:4)
  4 adders
  An ooze (D:1)
  An adder skeleton (D:4)
  2 worms
  9 dart slugs
  2 giant geckos (D:2)
  An orc (D:4)
  2 giant cockroaches
  7 goblins
  7 hobgoblins
  4 jackals (D:1)
  5 kobolds
  A quokka (D:3)
  8 bats
  3 giant newts (D:2)
  5 rats
64 creatures vanquished.

Notes
Turn   | Place    | Note
--------------------------------------------------------------
     0 | D:1      | Mesmaeker13 the Vampire Assassin began the quest for the Orb.
     0 | D:1      | Reached XP level 1. HP: 16/16 MP: 1/1
    38 | D:1      | Reached skill level 6 in Stealth
   303 | D:1      | Reached XP level 2. HP: 22/22 MP: 2/2
   838 | D:2      | Reached XP level 3. HP: 27/27 MP: 3/3
   970 | D:2      | Found a deep blue altar of Sif Muna.
  1213 | D:2      | Found a glowing silver altar of Zin.
  1584 | D:3      | Found a sacrificial altar of Ru.
  1609 | D:3      | Reached XP level 4. HP: 33/33 MP: 4/4
  1712 | D:3      | Reached skill level 7 in Stealth
  1850 | D:3      | Noticed an earth elemental
  1852 | D:3      | Found a stormy altar of Qazlal.
  1853 | D:3      | Noticed an air elemental
  1853 | D:3      | Noticed a fire elemental
  1853 | D:3      | Noticed a water elemental
  2321 | D:4      | Noticed Natasha
  2351 | D:4      | Killed Natasha
  2351 | D:4      | Reached XP level 5. HP: 35/38 MP: 5/5
  2511 | D:4      | Slain by an iguana

Skill      XL: |  1  2  3  4  5 |
---------------+----------------+-----
Stealth        | 6 7 |  7.4
Dodging        | 2 3 |  3.5
Short Blades   | 3 4 |  4.0
Fighting       | |  1.7
Throwing       | |  1.5

Action                   |  1- 3 |  4- 6 || total
-------------------------+-------+-------++-------
Melee: Dagger            |   103 |    87 ||   190
       Bite              |    16 |    10 ||    26
 Fire: Blowgun           |       |     7 ||     7
  Use: Potion            |       |     2 ||     2
       Scroll            |       |     2 ||     2
 Stab: Sleeping          |    16 |     7 ||    23
       Distracted        |     1 |       ||     1
Armor: Robe              |    28 |    14 ||    42
Dodge: Dodged            |    41 |    42 ||    83
